 Dungeon Crawl Stone Soup version 0.18-a0-1414-gcd7f35e (webtiles) character file.

5131 ChumbleSpuzz the Cruncher (level 10, -2/86 HPs)
             Began as a Minotaur Gladiator on Feb 25, 2016.
             Was an Elder of Okawaru.
             Slain by a mana viper (13 damage)
             ... on level 1 of the Abyss.
             The game lasted 00:40:26 (8895 turns).

ChumbleSpuzz the Cruncher (Minotaur Gladiator)      Turns: 8895, Time: 00:40:26

Health: -2/86      AC: 19    Str: 20    XL:     10   Next: 33%
Magic:  0/12       EV:  9    Int:  6    God:    Okawaru [****..]
Gold:   228        SH:  0    Dex: 14    Spells: 0 memorised, 9 levels left

rFire  . . .     SeeInvis +     a - +0 quarterstaff
rCold  . . .     Gourm    .     L - +5 plate armour of Leaves {rN+ Str-2 Dex+3 SInv}
rNeg   + . .     Faith    .     (shield currently unavailable)
rPois  .         Spirit   .     c - +0 hat
rElec  .         Dismiss  .     (no cloak)
rCorr  .         Reflect  .     (no gloves)
SustAt .         Harm     .     (no boots)
MR     .....                    (no amulet)
Stlth  ..........               (no ring)
                                (no ring)

@: not resistant to hostile enchantments, extremely unstealthy
A: retaliatory headbutt, horns 2
a: Heroism, Renounce Religion


You were on level 1 of the Abyss.
You worshipped Okawaru.
Okawaru was greatly pleased with you.
You were hungry.

You visited 2 branches of the dungeon, and saw 9 of its levels.
You visited the Abyss 1 time.
You also visited: Ossuary.

You collected 431 gold pieces.
You spent 203 gold pieces at shops.

Inventory:

Hand Weapons
 a - a +0 quarterstaff (weapon)
 z - a +0 blowgun
 O - a +0 shortbow
 R - a +0 mace of holy wrath
Missiles
 d - a throwing net (quivered)
 e - 3 needles of paralysis
 A - 64 poisoned needles
 K - 117 arrows
 T - 13 poisoned arrows
Armour
 c - a +0 hat (worn)
 y - a +2 pair of boots
 L - the +5 plate armour of Leaves (worn) {rN+ Str-2 Dex+3 SInv}
   (You found it on level 6 of the Dungeon)

   It affects your strength (-2).
   It affects your dexterity (+3).
   It protects you from negative energy.
   It lets you see invisible.
Jewellery
 b - an uncursed amulet of magic regeneration {unknown}
 j - an uncursed ring of flight {unknown}
 s - an uncursed ring of protection from magic {unknown}
 w - an uncursed ring of resist corrosion {unknown}
 N - an uncursed amulet of rage {unknown}
 Z - a cursed ring of loudness {unknown}
Wands
 H - a wand of enslavement (0/24)
 M - a wand of acid (3/15)
 Q - a wand of digging (15/24)
 U - a wand of flame (6/48)
Scrolls
 h - a scroll of enchant weapon
 i - 7 scrolls of remove curse
 l - 4 scrolls of amnesia {unknown}
 m - 4 scrolls of magic mapping {unknown}
 o - 4 scrolls of teleportation {unknown}
 p - 3 scrolls of blinking {unknown}
 r - 3 scrolls of enchant armour
 t - a scroll of fear
 D - 5 scrolls of noise {unknown}
 F - 2 scrolls of fog
 G - 2 scrolls of immolation {unknown}
 S - a scroll of recharging
Potions
 g - a potion of brilliance
 k - 3 potions of curing
 n - 4 potions of lignification {unknown}
 q - 4 potions of mutation {unknown}
 u - a potion of cure mutation
 v - 3 potions of might {unknown}
 x - a potion of haste
 C - 4 potions of agility
 J - a potion of flight
 P - a potion of cancellation
 V - 2 potions of degeneration {unknown}
Comestibles
 f - 4 bread rations
 B - 26 fruits


   Skills:
 + Level 7.4 Fighting
 + Level 10.9 Staves
 - Level 2.0 Throwing
 * Level 9.2 Armour
 + Level 7.1 Dodging
 + Level 5.1 Evocations


You had 9 spell levels left.
You didn't know any spells.

Dungeon Overview and Level Annotations

Branches:
Dungeon (8/15)             Temple (1/1) D:4
   Lair: D:8-11

Altars:
Ashenzari
Dithmenos
Gozag
Kikubaaqudgha
Nemelex Xobeh
Okawaru
Pakellas
Xom
Zin
The Shining One

Shops:
D:8 :?

Annotations:
D:6 2 runed doors
D:8 Erolcha


Innate Abilities, Weirdness & Mutations

You reflexively headbutt those who attack you in melee.
You have a pair of horns on your head.


Message History

You hit the small abomination but do no damage.
You headbutt the small abomination.
You destroy the small abomination!
Okawaru accepts your kill.
The mana viper bites you but does no damage.
The mana viper bites you.
* * * LOW HITPOINT WARNING * * *
You feel your power leaking away.
Evoke which item? (* to show all) (? for menu, Esc to quit)
Zapping:
H - a wand of enslavement {zapped: 12} (will waste charges)
Press: ? - help, Shift-Dir - straight line, f - mana viper
Aim: a mana viper (lightly wounded, chance to defeat MR: 4%)
The mana viper resists with almost no effort.
Evoking this partially-identified wand wasted a few charges.
The mana viper bites you.
* * * LOW HITPOINT WARNING * * *
You hit the mana viper.
The mana viper is lightly wounded.
The mana viper bites you!
You die...

.. #. #.. ....
###.###....
####..........
#.............
#............
#............
#.@S.......
###.#####.
#..Z...# #
##.#.# #.#.##
## #.##. ..#
.. #.#.#.# ##
#. ..# #. #.#


You could see a mana viper and a dire elephant zombie.

Vanquished Creatures
  Pikel (D:8)
  Prince Ribbit (D:7)
  A wraith (Ossuary)
  Sigmund (D:5)
  Eustachio (D:5)
  3 killer bees (D:8)
  A small abomination (Abyss:1)
  A water moccasin (D:7)
  Duvessa (D:5)
  2 ice beasts (D:8)
  A black bear (D:8)
  An eye of draining (D:8)
  7 ogres
  4 centaurs
  4 giant frogs
  A wyvern zombie (D:8)
  2 scorpions
  Dowan (D:5)
  5 howler monkeys
  5 crimson imps
  8 orc priests
  5 hounds
  10 orc wizards
  A centaur skeleton (D:5)
  A giant frog skeleton (D:6)
  Ijyb (D:3)
  Terence (D:3)
  An iguana (D:6)
  7 worker ants
  2 hound skeletons
  A mummy (Ossuary)
  A howler monkey skeleton (D:6)
  5 gnolls
  9 adders
  2 shadow imps
  3 oozes
  2 adder skeletons (D:5)
  2 worms
  3 dart slugs (D:1)
  4 giant geckos
  22 orcs
  5 ball pythons
  7 giant cockroaches
  15 goblins
  5 hobgoblins
  12 jackals
  5 quokkas
  A ball python skeleton (D:5)
  4 bats
  A giant cockroach zombie (D:5)
  A giant gecko skeleton (D:5)
  8 giant newts
  7 gnoll skeletons (Ossuary)
  A jackal skeleton (D:3)
  A jackal zombie (D:5)
  11 kobolds
  3 kobold skeletons (Ossuary)
  15 orc skeletons (Ossuary)
  8 rats
  A lurking horror (Abyss:1)
246 creatures vanquished.

Vanquished Creatures (collateral kills)
  2 killer bees (D:8)
2 creatures vanquished.

Vanquished Creatures (others)
  2 iguanas (D:8)
  2 slaves (D:8)
  A wasp (D:8)
  A big kobold (D:8)
  A killer bee (D:8)
  A hound (D:8)
8 creatures vanquished.

Grand Total: 256 creatures vanquished

Notes
Turn   | Place    | Note
--------------------------------------------------------------
     0 | D:1      | ChumbleSpuzz the Minotaur Gladiator began the quest for the Orb.
     0 | D:1      | Reached XP level 1. HP: 18/18 MP: 0/0
    44 | D:1      | Reached skill level 4 in Staves
    61 | D:1      | Reached XP level 2. HP: 15/25 MP: 1/1
   525 | D:1      | Reached skill level 5 in Staves
   553 | D:1      | Reached XP level 3. HP: 30/30 MP: 2/2
  1190 | D:2      | Found an ancient bone altar of Kikubaaqudgha.
  1632 | D:2      | Reached skill level 6 in Staves
  1632 | D:2      | Reached XP level 4. HP: 37/37 MP: 3/3
  1919 | D:3      | Noticed Terence
  1927 | D:3      | Killed Terence
  2089 | D:3      | Noticed Ijyb
  2112 | D:3      | Killed Ijyb
  2112 | D:3      | Reached skill level 7 in Staves
  2112 | D:3      | Reached XP level 5. HP: 26/42 MP: 4/4
  2807 | D:4      | Found a glowing golden altar of the Shining One.
  2808 | D:4      | Found a shattered altar of Ashenzari.
  2808 | D:4      | Found an opulent altar of Gozag.
  2821 | D:4      | Reached skill level 8 in Staves
  2824 | D:4      | Found an oddly glowing altar of Pakellas.
  2825 | D:4      | Found a shimmering altar of Xom.
  2883 | D:4      | Reached XP level 6. HP: 50/50 MP: 5/5
  3097 | D:4      | Found a staircase to the Ecumenical Temple.
  3120 | D:4      | Found a sand-covered staircase.
  3129 | Ossuary  | Entered an ossuary
  3129 | Ossuary  | Noticed a wraith
  3129 | Ossuary  | Noticed a wraith
  3129 | Ossuary  | Noticed a wraith
  3203 | Ossuary  | Noticed a wraith
  3214 | Ossuary  | Killed a wraith
  3214 | Ossuary  | Reached skill level 1 in Armour
  4026 | D:5      | Entered Level 5 of the Dungeon
  4053 | D:5      | Reached XP level 7. HP: 57/57 MP: 6/6
  4092 | D:5      | Noticed Eustachio
  4153 | D:5      | Killed Eustachio
  4185 | D:4      | Reached skill level 9 in Staves
  4188 | D:4      | Reached skill level 1 in Evocations
  4284 | D:5      | Noticed Sigmund
  4343 | D:5      | Noticed Duvessa
  4344 | D:5      | Noticed Dowan
  4392 | Temple   | Entered the Ecumenical Temple
  4432 | Temple   | Became a worshipper of Warmaster Okawaru
  4656 | D:6      | Reached XP level 8. HP: 56/67 MP: 8/8
  4847 | D:6      | Got a faintly humming plate armour
  4932 | D:6      | Identified the +5 plate armour of Leaves {rN+ Str-2 Dex+3 SInv} (You found it on level 6 of the Dungeon)
  4977 | D:6      | Reached * piety under Okawaru
  4984 | D:6      | Found a runed door.
  4992 | D:6      | Reached skill level 5 in Dodging
  5006 | D:6      | Reached skill level 5 in Fighting
  5506 | D:6      | Found a runed door.
  5666 | D:7      | Reached skill level 5 in Armour
  5669 | D:7      | Reached ** piety under Okawaru
  5872 | D:7      | Reached skill level 10 in Staves
  5902 | D:7      | Reached XP level 9. HP: 70/75 MP: 10/10
  6269 | D:8      | Found Heosoem's Book Shoppe.
  6269 | D:8      | Noticed Erolcha
  6533 | D:5      | Killed Sigmund
  6592 | D:5      | Found a shattered altar of Ashenzari.
  6804 | D:5      | Killed Dowan
  6814 | D:5      | Killed Duvessa
  7080 | D:8      | Noticed Prince Ribbit
  7097 | D:7      | Killed Prince Ribbit
  7097 | D:7      | Reached *** piety under Okawaru
  7339 | D:8      | Noticed Pikel
  7354 | D:8      | Killed Pikel
  7590 | D:8      | Found Ollellat's Magic Scroll Shoppe.
  7598 | D:8      | Bought a scroll of identify for 28 gold pieces
  7598 | D:8      | Bought a scroll of identify for 28 gold pieces
  7598 | D:8      | Bought a scroll of enchant armour for 105 gold pieces
  7598 | D:8      | Bought a scroll of remove curse for 42 gold pieces
  7663 | D:8      | Reached XP level 10. HP: 53/84 MP: 12/12
  8125 | D:8      | Reached **** piety under Okawaru
  8562 | D:8      | Reached skill level 5 in Evocations
  8785 | D:8      | Cast into level 1 of the Abyss (Erolcha)
  8826 | Abyss:1  | Noticed a wretched star
  8880 | Abyss:1  | Noticed a mana viper
  8895 | Abyss:1  | Slain by a mana viper

Vault maps used:
D:1:      erik_arrival_gehennom
D:2:      lemuel_round_altar
D:3:      first_bread, uniq_iyjb, uniq_terence
D:4:      grunt_temple_overflow_open, minmay_temple_entry_junction2,
          nicolae_ossuary_entry_monument
D:5:      ashenzari_altar_1, uniq_sigmund, uniq_eustachio, uniq_duvessa
D:6:      lemuel_insect_pit
D:8:      serial_shops, shop, shop, shop, blue_anna_alchemist,
          kennysheep_kite_vault, uniq_erolcha, uniq_prince_ribbit1, uniq_pikel
Temple:   hc_temple_tempest_star
Abyss:1:  evilmike_abyss_exit_5
Ossuary:  ossuary_due_mausoleum

Skill      XL: |  1  2  3  4  5  6  7  8  9 10 |
---------------+-------------------------------+-----
Staves         | 4 5 6 7 8 9 10 | 10.9
Fighting       | 3 4 5 6 7 |  7.4
Armour         | 1 3 5 8 9 |  9.2
Dodging        | 4 5 6 7 |  7.1
Evocations     | 2 3 4 5 |  5.1
Throwing       | |  2.0

Action                   |  1- 3 |  4- 6 |  7- 9 | 10-12 || total
-------------------------+-------+-------+-------+-------++-------
Melee: Quarterstaff      |   100 |   200 |   289 |   104 ||   693
Throw: Throwing net      |       |     1 |     3 |     2 ||     6
Invok: Heroism           |       |       |     1 |     1 ||     2
Evoke: Wand              |       |       |     5 |     9 ||    14
  Use: Scroll            |       |       |     9 |     3 ||    12
       Potion            |       |       |       |     3 ||     3
 Stab: Sleeping          |       |     1 |       |       ||     1
  Eat: Chunk             |     2 |     4 |     9 |       ||    15
       Fruit             |       |     1 |     1 |     1 ||     3
       Pizza             |       |     1 |       |       ||     1
       Beef jerky        |       |     1 |       |       ||     1
       Bread ration      |       |       |     1 |       ||     1
